 Dungeon Crawl Stone Soup version 0.28.0-47-ge53b351184 (webtiles) character file.

Game seed: 14919601418439330275

175 Iusername the Covered (level 5, -1/61 HPs)
             Began as a Human Fighter on May 4, 2022.
             Slain by an ogre
             ... wielding a +0 giant club
              (19 damage)
             ... on level 3 of the Dungeon.
             The game lasted 00:03:27 (3517 turns).

Iusername the Covered (Human Fighter)               Turns: 3517, Time: 00:03:27

Health: -1/61      AC:  7    Str: 16    XL:     5   Next: 85%
Magic:  5/5        EV:  9    Int: 10    God:
Gold:   73         SH:  5    Dex: 13    Spells: 4/4 levels left

rFire   . . .      SeeInvis .   a - +0 long sword
rCold   . . .      Faith    .   c - +0 buckler
rNeg    . . .      Spirit   .   b - +0 scale mail
rPois   .          Reflect  .   (no helmet)
rElec   .          Harm     .   (no cloak)
rCorr   .          Rampage  .   (no gloves)
Will    .....                   (no boots)
Stlth   ..........              (no amulet)
HPRegen 0.20/turn               (no ring)
MPRegen 0.09/turn               (no ring)

@: brilliant, berserking, very quick
A: no striking features
a: no special abilities


You were on level 3 of the Dungeon.
You visited 1 branch of the dungeon, and saw 3 of its levels.

You collected 73 gold pieces.

Inventory:

Hand Weapons
 a - a +0 long sword (weapon)
Armour
 b - a +0 scale mail (worn)
 c - a +0 buckler (worn)
Scrolls
 e - 2 scrolls of blinking {unknown}
 h - a scroll of enchant weapon {unknown}
 j - a scroll of identify {unknown}
 k - a scroll of teleportation {unknown}
Potions
 d - a potion of flight {unknown}
 l - a potion of ambrosia {unknown}


   Skills:
 + Level 3.4 Fighting
 + Level 3.7 Long Blades
 + Level 4.1 Armour
 + Level 0.3 Dodging
 + Level 0.8 Stealth
 + Level 3.5 Shields


You had 4 spell levels left.
You didn't know any spells.
Your spell library was empty.

Dungeon Overview and Level Annotations

Branches:
Dungeon (3/15)

Altars:
Elyvilon
Nemelex Xobeh


Message History

You kill the adder!
You feel sick.
You are no longer poisoned.
Key pressed, stopping explore.
No target in view!
Found an escape hatch in the ceiling.
No target in view!
You open the door. 5 goblins and an ogre come into view.
The goblin shouts! x5; The ogre shouts!
You hear a shout! x3
Found 6 large rocks.
There are monsters nearby!
You hit the goblin.
You kill the goblin!
There are monsters nearby!
You hit the goblin.
You kill the goblin!
A goblin comes into view. It is wielding a +2 dagger of venom.
There are monsters nearby!
You barely miss the ogre. The goblin hits you but does no damage.
The ogre hits you with a +0 giant club.
A goblin comes into view. It is wielding a +0 dagger.
You closely miss the goblin. The goblin hits you but does no damage.
You block the ogre's attack.
You miss the goblin. The goblin hits you but does no damage.
The ogre hits you with a +0 giant club!
You hit the goblin.
You kill the goblin!
The ogre hits you with a +0 giant club!!
Ouch! That really hurt!
* * * LOW HITPOINT WARNING * * *
It was a potion of curing.
You feel better.
It was a potion of brilliance.
You feel clever all of a sudden. The ogre barely misses you.
It was a potion of berserk rage.
A red film seems to cover your vision as you go berserk!
You feel yourself moving faster!
You feel mighty!
The ogre hits you with a +0 giant club!!
You die... #... #... #... #... #... ##.. ##. ###### ## #)@..# # #O##.#### # #gg

#....# # #.g #....#
## #..
#....##########.
#####...............
#.....#########.#
####.## ##.. #.#
#...


You could see an ogre and 3 goblins.

Vanquished Creatures
  An orc priest (D:3)
  An iguana (D:3)
  6 adders
  A dart slug (D:2)
  4 orcs (D:3)
  3 bats
  5 endoplasms
  A giant cockroach (D:3)
  9 goblins
  7 hobgoblins
  5 jackals
  A quokka (D:2)
  4 ball pythons
  A frilled lizard (D:3)
  3 kobolds
  6 rats
58 creatures vanquished.

Notes
Turn   | Place    | Note
-------+----------+-------------------------------------------
     0 | D:1      | Iusername the Human Fighter began the quest for the Orb.
     0 | D:1      | Reached XP level 1. HP: 18/18 MP: 1/1
    34 | D:1      | Found a faded altar of an unknown god.
   142 | D:1      | Reached XP level 2. HP: 24/24 MP: 2/2
   990 | D:2      | Reached XP level 3. HP: 29/29 MP: 3/3
  1134 | D:2      | Found a white marble altar of Elyvilon.
  2071 | D:2      | Reached XP level 4. HP: 25/35 MP: 4/4
  2738 | D:3      | Reached XP level 5. HP: 38/41 MP: 5/5
  2827 | D:3      | Reached skill level 4 in Armour
  2965 | D:3      | Found a sparkling altar of Nemelex Xobeh.
  3508 | D:3      | Noticed an ogre
  3517 | D:3      | Slain by an ogre

Illustrated notes

Levels and vault maps discovered:
D:1:      lightli_arrival_lavapool, layout_basic, ebering_ecumenical_altar_rust
D:2:      layout_basic, basic_altar
D:3:      layout_rooms, nemelex_dance_club_becter, st_stairs_1,
          minmay_ogre_servants

Skill      XL: |  1  2  3  4  5 |
---------------+----------------+-----
Long Blades    | 3 |  3.7
Armour         | 4 |  4.1
Fighting       | |  3.4
Dodging        | |  0.3
Stealth        | |  0.8
Shields        | |  3.5

Action                   |  1- 3 |  4- 6 || total
-------------------------+-------+-------++-------
Melee: Long sword        |    94 |    78 ||   172
  Use: Potion            |       |     4 ||     4
Armor: Scale mail        |    58 |    33 ||    91
Dodge: Dodged            |    32 |    28 ||    60
Block: Buckler           |    15 |    17 ||    32
